 Dungeon Crawl Stone Soup version 0.23.2-1-ga50397a (webtiles) character file.

Game seed: 14360409037110399829

239 eccles the Skirmisher (level 5, -2/48 HPs)
             Began as a Minotaur Abyssal Knight on May 9, 2019.
             Was a Priest of Lugonu.
             Slain by a bullfrog (5 damage)
             ... in a sewer.
             The game lasted 00:13:43 (2722 turns).

eccles the Skirmisher (Minotaur Abyssal Knight)     Turns: 2722, Time: 00:13:43

Health: -2/48      AC:  7    Str: 17    XL:     5   Next: 79%
Magic:  5/5        EV: 11    Int:  9    God:    Lugonu [***...]
Gold:   80         SH:  0    Dex: 10    Spells: 4/4 levels left

rFire    . . .     SeeInvis .   a - +1 hand axe
rCold    . . .     Gourm    .   (no shield)
rNeg     . . .     Faith    .   n - +0 ring mail (curse)
rPois    .         Spirit   .   (helmet restricted)
rElec    .         Reflect  .   (no cloak)
rCorr    .         Harm     .   j - +0 pair of gloves
MR       .....                  (no boots)
Stlth    +.........             (no amulet)
HPRegen  0.16/turn              (no ring)
MPRegen  0.09/turn              (no ring)

@: lethally poisoned (-2 -> -6)
A: retaliatory headbutt, horns 2
a: Depart the Abyss, Bend Space, Banish, Renounce Religion


You were in a sewer.
You worshipped Lugonu.
Lugonu was most pleased with you.
You were not hungry.

You visited 1 branch of the dungeon, and saw 3 of its levels.
You visited the Abyss 1 time.
You also visited: Sewer.

You collected 80 gold pieces.

Inventory:

Hand Weapons
 a - a +1 hand axe (weapon)
Missiles
 l - 38 bolts
Armour
 b - a +0 leather armour
 j - a +0 pair of gloves (worn)
 n - a cursed +0 ring mail (worn)
 r - a +0 scale mail
Scrolls
 e - a scroll of fog {unknown}
 f - 5 scrolls of teleportation
 h - a scroll of enchant weapon
 k - 2 scrolls of blinking
 o - a scroll of fear {unknown}
 p - 2 scrolls of magic mapping
Potions
 d - a potion of heal wounds {unknown}
 g - a potion of magic {unknown}
 i - 2 potions of brilliance {unknown}
 m - a potion of haste {unknown}
 q - a potion of degeneration {unknown}
 s - a potion of agility {unknown}
 t - 2 potions of curing {unknown}
Comestibles
 c - 4 rations


   Skills:
 + Level 5.2 Fighting
 + Level 4.4 Axes
 + Level 3.8 Armour
 + Level 2.7 Dodging
 + Level 0.4 Stealth
 + Level 1.9 Invocations


You had 4 spell levels left.
You didn't know any spells.
Your spell library was empty.

Dungeon Overview and Level Annotations

Branches:
Dungeon (3/15)

Altars:
Gozag
Trog


Innate Abilities, Weirdness & Mutations

You reflexively headbutt those who attack you in melee.
You have a pair of horns on your head.


Message History

Lugonu accepts your kill.
You closely miss the frilled lizard. You hit the bullfrog. x2
The bullfrog hits you. x2; The adder barely misses you.
You barely miss the adder. Your headbutt misses the adder.
You hit the bullfrog. x2; You closely miss the frilled lizard.
The bullfrog hits you but does no damage.
The bullfrog hits you. x2; The bullfrog closely misses you.
The adder bites you.
* * * LOW HITPOINT WARNING * * *
The frilled lizard bites you.
* * * LOW HITPOINT WARNING * * *
You fail to use your ability.
The bullfrog barely misses you. You furiously retaliate!
You headbutt the bullfrog. The bullfrog hits you.
* * * LOW HITPOINT WARNING * * *
The adder bites you.
* * * LOW HITPOINT WARNING * * *
You are lethally poisoned!
The adder poisons you!
The frilled lizard bites you but does no damage.
The frilled lizard misses you. The bullfrog hits you.
You die...

#≈≈≈≈≈≈#####
#≈≈≈≈≈
#≈≈≈≈≈≈#
#≈≈≈≈≈
#≈≈≈≈≈≈#
#≈≈≈≈≈
#≈≈≈≈≈≈#
#≈≈≈≈≈
#≈≈≈≈≈≈#
#≈÷÷÷≈
#≈#≈≈≈≈#
#≈≈.≈≈
#≈≈#≈≈≈#
#≈≈..≈
#≈ll≈≈≈#
#≈≈.≈.
#≈@SS≈≈#
#≈≈≈≈≈
#FF#≈≈≈#
#≈≈≈≈≈
#≈#l≈≈≈#
#≈≈≈≈≈ #≈
≈≈≈≈# #≈≈≈≈≈
#≈ ≈≈≈≈#
#≈≈≈≈≈ #≈
≈≈≈≈# #≈≈≈≈≈
#≈ ≈#≈≈#
#≈≈≈≈≈ #.
≈≈.## #.≈.≈.
#. ..F.
#.....


You could see 2 bullfrogs, an adder, a ball python and 3 frilled lizards.

Vanquished Creatures
  14 adders
  4 river rats
  A worm (D:3)
  A dart slug (D:1)
  A leopard gecko (D:1)
  6 bats
  3 giant cockroaches (D:2)
  5 hobgoblins (D:1)
  3 jackals (D:2)
  A quokka (D:2)
  6 ball pythons
  2 frilled lizards
  4 goblins
  6 kobolds
  33 rats
90 creatures vanquished.

Notes
Turn   | Place    | Note
-------+----------+-------------------------------------------
     0 | Abyss:1  | eccles the Minotaur Abyssal Knight began the quest for the
                  | Orb.
     0 | Abyss:1  | Reached XP level 1. HP: 19/19 MP: 1/1
     4 | Abyss:1  | Found a hazy altar of Hepliaklqana.
    10 | Abyss:1  | Found a hazy altar of Hepliaklqana.
    15 | Abyss:1  | Found a corrupted altar of Lugonu.
    19 | Abyss:1  | Found a corrupted altar of Lugonu.
    90 | Abyss:1  | Noticed a hellwing
    91 | D:1      | Escaped the Abyss
   307 | D:1      | Reached XP level 2. HP: 26/27 MP: 2/2
   309 | D:1      | Reached skill level 4 in Fighting
   375 | D:1      | Reached * piety under Lugonu
  1104 | D:2      | Reached XP level 3. HP: 33/33 MP: 3/3
  1262 | D:2      | Found a bloodstained altar of Trog.
  1638 | D:2      | Reached XP level 4. HP: 36/41 MP: 4/4
  1832 | D:2      | Found an opulent altar of Gozag.
  1970 | D:3      | Found a glowing drain.
  1983 | D:3      | Reached ** piety under Lugonu
  2045 | Sewer    | Entered a sewer
  2213 | Sewer    | Reached XP level 5. HP: 39/47 MP: 5/5
  2423 | Sewer    | Reached *** piety under Lugonu
  2423 | Sewer    | Reached skill level 5 in Fighting
  2722 | Sewer    | Slain by a bullfrog

Skill      XL: |  1  2  3  4  5 |
---------------+----------------+-----
Fighting       | 4 5 |  5.2
Axes           | 3 4 |  4.4
Dodging        | 2 |  2.7
Armour         | 3 |  3.8
Stealth        | |  0.4
Invocations    | |  1.9

Action                   |  1- 3 |  4- 6 || total
-------------------------+-------+-------++-------
Melee: Hand axe          |    77 |    98 ||   175
       Headbutt          |     8 |    16 ||    24
Invok: Depart the Abyss  |     1 |       ||     1
  Use: Scroll            |       |     5 ||     5
  Eat: Chunk             |     2 |     4 ||     6
Armor: Leather armour    |    20 |       ||    20
       Ring mail         |     5 |    53 ||    58
Dodge: Dodged            |    52 |    64 ||   116
